 Dungeon Crawl Stone Soup version 0.17-a0-1650-gce8475a (webtiles) character file.

880 ithink the Insei (level 8, 0/59 HPs)
             Began as an Octopode Transmuter on Aug 13, 2015.
             Was an Initiate of Gozag.
             Slain by a gnoll sergeant
             ... wielding a +3 spear of venom
              (8 damage)
             ... on level 5 of the Dungeon.
             The game lasted 00:19:19 (4031 turns).

ithink the Insei (Octopode Transmuter)              Turns: 4031, Time: 00:19:20

Health: 0/59       AC:  3    Str:  9 (10) XL:     8   Next: 5%
Magic:  12/12      EV: 13    Int: 15      God:    Gozag
Gold:   701        SH:  0    Dex:  9 (10) Spells: 2 memorised, 6 levels left

rFire  + + +     SeeInvis .     n - +6 spear of Untruth {holy, rF++ Dex-4}
rCold  . . .     Clarity  .     (no shield)
rNeg   . . .     SustAt   .     (helmet restricted)
rPois  .         Gourm    .     (no amulet)
rElec  .         Spirit   .     h - +2 ring of protection
rCorr  .         Warding  .     (no ring)
rMut   .         Stasis   .     (no ring)
MR     +....                    (no ring)
Stlth  ++........               (no ring)
                                (no ring)
                                (no ring)
                                (no ring)

@: lethally poisoned (0 -> -3), somewhat resistant to hostile enchantments,
unstealthy
A: almost no armour, amphibious, 8 rings, constrict 8, camouflage 1,
deterioration 1, fire resistance 1, magic resistance 1, robust 1, wild magic 1,
gelatinous body 1
a: Potion Petition, Call Merchant, Bribe Branch, Renounce Religion


You were on level 5 of the Dungeon.
You worshipped Gozag.
Gozag was noncommittal.
You were not hungry.

You visited 1 branch of the dungeon, and saw 6 of its levels.

You collected 750 gold pieces.
You paid 49 gold pieces to Gozag.

Inventory:

Hand weapons
 d - a +1 vampiric war axe
 n - the +6 spear of Untruth (weapon) {holy, rF++ Dex-4}
   (You found it on level 5 of the Dungeon)

   It has been blessed by the Shining One to cause great damage to the undead
   and demons.
   It affects your dexterity (-4).
   It greatly protects you from fire.
 o - a +1 dagger
Missiles
 a - 26 arrows
 k - 18 arrows of frost
 l - 158 stones (quivered)
Jewellery
 h - a +2 ring of protection (left tentacle)
Scrolls
 e - a scroll of amnesia
 f - 2 scrolls of recharging
 m - a scroll of fear {unknown}
Potions
 r - a potion of haste
Books
 b - a book of Changes

   Spells                             Type                      Level
   a - Beastly Appendage              Transmutation                1
   b - Sticks to Snakes               Transmutation                2
   c - Spider Form                    Transmutation/Poison         3
   d - Ice Form                       Ice/Transmutation            4
   e - Blade Hands                    Transmutation                5
 q - a book of Dreams

   Spells                             Type                      Level
   a - Ensorcelled Hibernation        Hexes/Ice                    2
   b - Phase Shift                    Translocation                5
   c - Shadow Creatures               Summoning                    5
   d - Silence                        Hexes/Air                    5
   e - Darkness                       Hexes                        6
   f - Mass Confusion                 Hexes                        6
Comestibles
 c - 2 bread rations
 i - a meat ration
 j - 2 slices of pizza
 p - 6 fruits


   Skills:
 + Level 3.9 Fighting
 + Level 4.5 Dodging
 + Level 6.0 Unarmed Combat
 + Level 2.8 Spellcasting
 * Level 3.9 Transmutations


You had 6 spell levels left.
You knew the following spells:

 Your Spells              Type           Power        Failure   Level  Hunger
a - Beastly Appendage     Trmt           ###...       11%         1    #......
b - Blade Hands           Trmt           ###.......   97%         5    ######.


Dungeon Overview and Level Annotations

Branches:
Dungeon (6/15)
 Temple: D:4-7

Altars:
Gozag
Okawaru
Trog
Yredelemnul
The Shining One


Innate Abilities, Weirdness & Mutations

You cannot wear most types of armour.
You are amphibious.
You can wear up to eight rings at the same time.
You can use your tentacles to constrict eight enemies at once.
Your skin changes colour to match your surroundings (Stealth).
Your rubbery body absorbs attacks (AC +1).
Your body sometimes deteriorates upon taking damage.
Your flesh is heat resistant.
You are resistant to hostile enchantments.
You are robust (+10% HP).
Your spells are a little harder to cast, but a little more powerful.


Message History

You reach to attack!
You closely miss the gnoll sergeant.
The gnoll sergeant is almost dead.
* * * LOW HITPOINT WARNING * * *
You feel very sick. The gnoll sergeant barely misses you.
Drink which item? (? for menu, Esc to quit)
You feel better.
The gnoll sergeant hits you from afar with a spear of venom!
* * * LOW HITPOINT WARNING * * *
You are poisoned.
Attack whom?
Press: ? - help, Dir - move target cursor, f/p - gnoll sergeant
Aim: a gnoll sergeant, wielding a spear of venom and wearing a scale mail (almost dead)
You reach to attack!
You hit the gnoll sergeant but do no damage.
The gnoll sergeant is almost dead.
You feel sick.
The gnoll sergeant hits you from afar with a spear of venom!
You die...
Your body crumbles into a pile of gold.

########..# ###.........#
#. ##...........### #.#
#..............#
#..###..............#
#...................#
#...................##
##..##................###
.......$@.##............#
###...$######.....####..
##.g## ####..# ##.. #.(
#### #... ..#. ##...
..... #.... .... .. #....
... ... #.... ... .(.
###..


You could see a gnoll sergeant.

Vanquished Creatures
  An orc warrior (D:5)
  A centaur (D:5)
  Blork the orc (D:4)
  A giant frog (D:6)
  2 scorpions
  An orc wizard (D:3)
  2 hounds (D:4)
  An orc priest (D:4)
  3 worker ants
  An iguana (D:4)
  A hound zombie (D:5)
  A hound skeleton (D:6)
  Robin (D:4)
  5 gnolls (D:5)
  6 adders
  3 oozes
  An adder zombie (D:5)
  A worm (D:4)
  5 giant geckos
  12 orcs
  5 giant cockroaches
  11 goblins
  5 hobgoblins
  12 jackals
  A quokka (D:2)
  6 bats
  5 giant newts
  A jackal zombie (D:5)
  A kobold (D:1)
  A quokka skeleton (D:5)
  5 rats
103 creatures vanquished.

Notes
Turn   | Place    | Note
--------------------------------------------------------------
     0 | D:1      | ithink the Octopode Transmuter began the quest for the Orb.
     0 | D:1      | Reached XP level 1. HP: 13/13 MP: 3/3
    26 | D:2      | Found a bloodstained altar of Trog.
   131 | D:1      | Reached XP level 2. HP: 18/18 MP: 5/5
   813 | D:2      | Reached XP level 3. HP: 20/23 MP: 6/6
   903 | D:2      | Found an opulent altar of Gozag.
   913 | D:2      | Became a worshipper of Gozag Ym Sagoz the Greedy
  1247 | D:2      | Reached XP level 4. HP: 27/29 MP: 7/7
  1482 | D:4      | Reached skill level 4 in Unarmed Combat
  1565 | D:3      | Reached XP level 5. HP: 18/35 MP: 8/8
  2292 | D:4      | Noticed Blork the orc
  2309 | D:4      | Killed Blork the orc
  2309 | D:4      | Reached skill level 5 in Unarmed Combat
  2309 | D:4      | Reached XP level 6. HP: 38/42 MP: 9/9
  2323 | D:5      | Entered Level 5 of the Dungeon
  2411 | D:4      | Noticed Robin
  2418 | D:4      | Killed Robin
  2551 | D:4      | Found an iron altar of Okawaru.
  2768 | D:4      | Learned a level 5 spell: Blade Hands
  2926 | D:4      | Gained mutation: Your flesh is heat resistant. [potion of mutation]
  2926 | D:4      | Gained mutation: You are robust (+10% HP). [potion of mutation]
  2926 | D:4      | Gained mutation: Your spells are a little harder to cast, but a little more powerful. [potion of mutation]
  2996 | D:4      | Reached XP level 7. HP: 29/50 MP: 8/10
  3438 | D:5      | Found a basalt altar of Yredelemnul.
  3443 | D:5      | Found a glowing golden altar of the Shining One.
  3489 | D:5      | Gained mutation: Your body sometimes deteriorates upon taking damage. [potion of mutation]
  3489 | D:5      | Gained mutation: You are resistant to hostile enchantments. [potion of mutation]
  3829 | D:5      | Got a brightly glowing spear
  3835 | D:5      | Identified the +6 spear of Untruth {holy, rF++ Dex-4} (You found it on level 5 of the Dungeon)
  3934 | D:5      | Reached skill level 6 in Unarmed Combat
  4008 | D:5      | Reached XP level 8. HP: 47/59 MP: 12/12
  4031 | D:5      | Slain by a gnoll sergeant

Vault maps used:
D:1:      dpeg_arrival_another_circle
D:2:      lemuel_round_altar, nicolae_overflow_crystal_walls
D:3:      first_bread, serial_glass, glass_columns_a, glass_columns_a
D:4:      okawaru_metal_pillars_1_2, minivault_19, serial_park_tiny_pond,
          uniq_blork_the_orc, uniq_robin
D:5:      grunt_temple_overflow_holy_war
D:6:      grunt_temple_overflow_champion_of_chaos,
          nicolae_ru_great_annihilating_truth, nicolae_overflow_hidden_temple,
          minmay_temple_entry_statues

Action                   |  1- 3 |  4- 6 |  7- 9 || total
-------------------------+-------+-------+-------++-------
Melee: Unarmed           |    34 |    46 |    43 ||   123
       Dagger            |    38 |    93 |       ||   131
       Spear             |       |       |    38 ||    38
Throw: Stone             |       |     3 |     4 ||     7
 Cast: Beastly Appendage |     1 |     4 |     4 ||     9
Invok: Potion Petition   |       |     1 |       ||     1
  Use: Potion            |       |    11 |     3 ||    14
       Scroll            |       |     5 |     2 ||     7
 Stab: Sleeping          |    11 |     3 |     5 ||    19
       Distracted        |       |     2 |       ||     2
  Eat: Chunk             |     1 |       |       ||     1
       Meat ration       |       |     1 |       ||     1
       Bread ration      |       |     1 |       ||     1
